Map: 블랙핑크 - 래더

Players

trusT

  • Race: Protoss Protoss
  • League: Master
  • Spawn Location: 1:00

Classic - Winner!

  • Race: Protoss Protoss
  • League: Master
  • Spawn Location: 7:00

VOD

Have the link to the VOD?

Description

Time

  • Played on: Dec. 22, 2017, 3:29 a.m.
  • Length: 11:17
Show
View Real Time Build Order
Export as new Build Order

trusT Protoss 

Build Orders: Oracle Opening 

Get SALT Encoding   

  12  0:00  Probe  
  13  0:13  Probe  
  14  0:19  Pylon  
  14  0:25  Probe  
  15  0:37  Gateway, Probe (Chrono Boost)  
  16  0:45  Assimilator  
  16  0:47  Probe (Chrono Boost)  
  17  0:52  Assimilator, Probe (Chrono Boost)  
  19  1:04  Probe  
  19  1:07  Gateway  
  19  1:16  Probe  
  20  1:23  Cybernetics Core  
  20  1:28  Probe  
  21  1:35  Pylon  
  21  1:40  Probe  
  22  1:52  Probe  
  23  1:58  Stalker (Chrono Boost)  
  23  1:59  Stalker (Chrono Boost)  
  27  2:07  Warp Gate  
  27  2:18  Stargate  
  27  2:25  Stalker  
  29  2:31  Stalker  
  31  2:39  Pylon  
  31  3:01  Oracle (Chrono Boost)  
  34  3:13  Stalker x2  
  34  3:17  Pylon  
  38  3:40  Nexus  
  38  3:51  Probe  
  39  4:00  Shield Battery  
  39  4:04  Probe  
  39  4:08  Twilight Council  
  39  4:12  Stalker  
  39  4:16  Probe (Chrono Boost)  
  38  4:27  Probe (Chrono Boost)  
  38  4:28  Phoenix  
  41  4:32  Probe (Chrono Boost)  
  42  4:43  Probe  
  43  4:48  Blink  
  43  4:52  Probe (Chrono Boost)  
  45  5:00  Probe (Chrono Boost)  
  45  5:04  Phoenix, Probe (Chrono Boost)  
  48  5:08  Probe (Chrono Boost)  
  48  5:09  Probe (Chrono Boost)  
  50  5:19  Probe (Chrono Boost)  
  52  5:26  Probe (Chrono Boost)  
  53  5:28  Probe (Chrono Boost)  
  53  5:29  Phoenix  
  53  5:32  Probe (Chrono Boost)  
  53  5:34  Probe  
  56  5:37  Pylon  
  57  5:44  Probe  
  57  5:46  Probe  
  59  5:54  Phoenix, Pylon  
  62  5:58  Probe (Chrono Boost)  
  62  5:59  Probe (Chrono Boost)  
  63  6:06  Assimilator  
  63  6:07  Assimilator  
  63  6:10  Probe (Chrono Boost)  
  65  6:12  Forge  
  65  6:13  Probe (Chrono Boost)  
  65  6:15  Probe (Chrono Boost)  
  66  6:22  Probe (Chrono Boost)  
  66  6:24  Phoenix  
  66  6:25  Probe (Chrono Boost)  
  69  6:36  Probe (Chrono Boost)  
  69  6:38  Stalker x2, Probe (Chrono Boost)  
  75  6:45  Protoss Ground Weapons Level 1  
  75  6:49  Nexus  
  75  6:52  Pylon  
  75  7:00  Gateway  
  75  7:02  Sentry  
  75  7:04  Pylon  
  77  7:08  Gateway  
  77  7:14  Gateway  
  77  7:23  Stalker  
  77  7:26  Shield Battery  
  74  7:35  Stalker  
  74  7:36  Templar Archives  
  72  7:38  Gateway  
  68  7:49  Gateway  
  68  7:50  Gateway  
  68  7:59  Stalker x3  
  68  8:04  Probe x2 (Chrono Boost)  
  75  8:09  Probe (Chrono Boost)  
  76  8:16  Probe x2 (Chrono Boost)  
  76  8:17  High Templar  
  76  8:19  Probe (Chrono Boost)  
  81  8:22  Probe x2 (Chrono Boost)  
  81  8:24  High Templar, Probe (Chrono Boost)  
  85  8:30  Probe x2  
  85  8:35  High Templar, Probe  
  85  8:36  High Templar  
  89  8:42  Probe x2  
  89  8:47  Probe  
  91  8:54  Probe x2  
  92  8:58  High Templar x2  
  92  8:59  Zealot, Probe (Chrono Boost)  
  99  9:02  Pylon  
  99  9:04  Pylon  
  99  9:06  Assimilator  
  99  9:07  Robotics Facility, Probe x2 (Chrono Boost)  
  99  9:08  Assimilator  
  101  9:14  Pylon  
  101  9:15  Probe (Chrono Boost)  
  101  9:16  Probe x2 (Chrono Boost)  
  104  9:22  Protoss Ground Weapons Level 2 (Chrono Boost)  
  104  9:23  Zealot x2  
  108  9:24  Zealot  
  110  9:31  Pylon  
  110  9:36  Stalker x2  
  107  9:39  Stalker  
  107  9:45  Probe x2  
  107  9:49  Warp Prism (Chrono Boost)  
  107  9:50  Photon Cannon  
  107  9:59  Archon  
  109  10:00  High Templar x2  
  109  10:01  Archon, Zealot x2  
  109  10:06  Sentry, Zealot  
  121  10:14  Pylon  
  121  10:17  Immortal  
  121  10:19  Zealot x2  
  129  10:30  Archon  
  129  10:32  Photon Cannon  
  129  10:34  High Templar x2  
  129  10:35  Zealot  
  135  10:40  Sentry, Archon, Zealot  
  125  10:57  Zealot x4  
  125  11:03  Zealot  
  125  11:04  Zealot  
  115  11:07  Zealot  
  99  11:11  Zealot  
Show
View Real Time Build Order
Export as new Build Order

Classic Protoss - Winner!

Build Orders: Oracle Opening, Phoenix Opening, Archon Immortal 

Get SALT Encoding   

  12  0:00  Probe  
  13  0:12  Probe  
  14  0:17  Pylon  
  14  0:25  Probe (Chrono Boost)  
  15  0:36  Gateway  
  15  0:37  Probe (Chrono Boost)  
  16  0:43  Probe (Chrono Boost)  
  16  0:45  Assimilator  
  17  0:51  Probe (Chrono Boost)  
  17  0:54  Assimilator  
  18  1:03  Probe (Chrono Boost)  
  19  1:11  Probe (Chrono Boost)  
  20  1:14  Gateway  
  20  1:17  Probe  
  20  1:23  Cybernetics Core  
  21  1:29  Probe  
  22  1:34  Pylon  
  22  1:41  Probe  
  23  1:53  Probe  
  24  2:01  Warp Gate  
  24  2:02  Stalker x2  
  28  2:19  Pylon  
  28  2:20  Stargate  
  28  2:32  Stalker  
  30  2:37  Stalker  
  31  3:02  Nexus  
  31  3:09  Oracle (Chrono Boost)  
  34  3:19  Probe  
  35  3:23  Pylon  
  35  3:34  Shield Battery  
  38  3:45  Shield Battery  
  38  3:51  Phoenix (Chrono Boost)  
  37  4:00  Probe  
  38  4:07  Phoenix  
  40  4:12  Probe (Chrono Boost)  
  41  4:18  Probe (Chrono Boost)  
  41  4:23  Robotics Facility  
  43  4:24  Probe (Chrono Boost)  
  43  4:29  Probe (Chrono Boost)  
  43  4:31  Probe (Chrono Boost)  
  44  4:32  Phoenix  
  44  4:34  Probe (Chrono Boost)  
  48  4:38  Probe  
  48  4:45  Probe  
  50  4:47  Pylon  
  50  4:51  Probe  
  51  4:55  Sentry x2  
  51  4:57  Probe  
  56  5:03  Probe  
  56  5:06  Assimilator  
  57  5:08  Assimilator  
  57  5:09  Probe  
  62  5:18  Pylon  
  62  5:19  Probe  
  64  5:21  Probe  
  64  5:24  Observer (Chrono Boost)  
  64  5:26  Phoenix (Chrono Boost)  
  63  5:31  Probe  
  63  5:33  Probe  
  65  5:43  Phoenix (Chrono Boost)  
  65  5:44  Probe  
  65  5:45  Probe  
  65  5:47  Nexus  
  69  5:51  Pylon  
  69  5:59  Stargate  
  69  6:06  Phoenix (Chrono Boost)  
  69  6:08  Probe x2  
  73  6:21  Probe x2  
  73  6:23  Pylon  
  75  6:28  Phoenix (Chrono Boost)  
  75  6:29  Fleet Beacon  
  77  6:35  Probe x2  
  79  6:46  Phoenix (Chrono Boost)  
  83  6:47  Phoenix (Chrono Boost)  
  83  6:49  Observer  
  83  6:50  Probe x2  
  83  6:53  Assimilator  
  86  6:55  Assimilator  
  86  6:56  Pylon  
  86  7:03  Gateway  
  86  7:06  Gateway  
  86  7:09  Phoenix (Chrono Boost)  
  86  7:10  Immortal (Chrono Boost)  
  86  7:14  Phoenix  
  87  7:23  Probe x3  
  90  7:46  Twilight Council  
  90  7:47  Immortal (Chrono Boost), Forge  
  90  7:48  Probe x3  
  94  7:57  Gateway  
  94  8:00  Gateway, Probe x2  
  94  8:10  Probe  
  94  8:12  Pylon, Charge, Probe x2  
  96  8:14  Immortal (Chrono Boost), Protoss Ground Weapons Level 1 (Chrono Boost)  
  101  8:27  Gateway  
  101  8:34  Gateway  
  101  8:37  Templar Archives  
  101  8:43  Probe x3  
  101  8:47  Immortal (Chrono Boost)  
  106  8:56  Photon Cannon  
  106  8:57  Photon Cannon  
  106  9:00  Photon Cannon  
  106  9:07  Zealot x3  
  112  9:10  Zealot  
  112  9:16  Immortal (Chrono Boost)  
  114  9:22  Probe  
  114  9:24  Probe  
  120  9:26  Pylon x2  
  120  9:28  High Templar x2  
  124  9:32  Archon  
  124  9:38  Warp Prism  
  114  9:49  High Templar x4  
  124  9:54  Nexus, Archon x2  
  124  9:59  Pylon  
  124  10:02  Pylon  
  124  10:05  Zealot x2, High Templar x2  
  132  10:11  Archon  
  132  10:14  Gateway  
  132  10:15  Observer  
  132  10:16  Gateway  
  133  10:21  Probe x2  
  133  10:22  Probe  
  133  10:26  Pylon  
  133  10:28  Pylon  
  136  10:36  Zealot x2, High Templar x2  
  136  10:37  Zealot x2  
  136  10:38  High Templar  
  136  10:40  High Templar  
  136  10:41  Archon  
  152  10:44  Archon  
  152  10:48  Photon Cannon, Probe x3  
  155  10:50  Assimilator  
  155  10:54  Assimilator  
  127  11:06  Zealot x3  
  127  11:07  Zealot  
  125  11:14  Zealot x4  
Tags
 
Add a new tag
Caveats
  • Supply blocks, unpowered buildings, or Contaminate may cause inaccurate times.
  • Supply counts are checked every 10 seconds.